Workbook

Sheet Factor Multiplicador
A1: FACTOR MULTIPLICADOR
C3: CONCEPTO | I3: PORCENTAJE
A4: 1. | B4: Salarios y Prestaciones Sociales de Personal
A5: 1.1 | B5: Salarios | I5: 1
A6: 1.2 | B6: Prima anual (legal) | E6: 1 | F6: ÷ 12 = | I6: =1/12 -> 0.083333333
A7: 1.3 | B7: Cesantía | E7: 1 | F7: ÷ 12 = | I7: =1/12 -> 0.083333333
A8: 1.4 | B8: Intereses de cesantía | E8: 0.01 | F8: x 1.3. = | I8: 0.01
A9: 1.5 | B9: Vacaciones | I9: =+I7/2 -> 0.041666667
A10: 1.6 | B10: Seguridad Social (salud + pensión) | I10: 0.285
A11: 1.7 | B11: Caja de Compensación Familiar | I11: 0.04
A12: 1.8 | B12: ARP | I12: 0.025
A13: 1.9 | B13: Sena | I13: 0.02
A14: 1.10 | B14: ICBF | I14: 0.03
A15: 1.11 | B15: Otros (Auxilios varios, prestaciones extralegales, Incapacidades no cubertas) | I15: 0.01
A16: 1.12 | B16: Dotación | I16: 0.05
F17: Sub-total | I17: =SUM(I5:I16) -> 1.6783333
A18: 2. | B18: Gastos Directos
A19: 2.1 | B19: Arriendo oficina | I19: 0.03
A20: 2.2 | B20: Administración edificio | I20: 0.004
A21: 2.3 | B21: Servicios públicos | I21: 0.005
F22: Sub-total | I22: =SUM(I19:I21) -> 0.039
A23: 3. | B23: Gastos Generales
A24: 3.1 | B24: Asesoria Contable Tributaria | I24: 0.07
A25: 3.2 | B25: Equipos y mantenimiento Oficina (Aseo) | I25: 0.02
A26: 3.3 | B26: Seguros de robo e incendio | I26: 0.005
A27: 3.4 | B27: Personal Administrativo no facturado | I27: 0.01
A28: 3.9 | B28: Gastos de Representación | I28: 0.01
A29: 3.10 | B29: Impuestos | I29: 0.1
F30: Sub-total | I30: =SUM(I24:I29) -> 0.215
A31: Total | I31: =+I30+I22+I17 -> 1.9323333

Sheet 2026
A1: Relación de personal
A2: Descripción | B2: Cantidad | C2: Mes | D2: Valor mes | E2: Subtotal
A3: Coordinador del proyecto | B3: 2 | C3: 3 | D3: 3710000 | E3: =D3*C3*B3 -> 22260000
A4: Auxiliares logísticos | B4: 20 | C4: 3 | D4: 2650000 | E4: =D4*C4*B4 -> 159000000
A5: Subtotal | E5: =+SUM(E3:E4) -> 181260000
A6: Factor multiplicador | E6: =+'Factor Multiplicador'!I31 -> 1.9323333
A7: Total | E7: =+E5*E6 -> 3.5025474e+08
A9: Presupuesto Maquinaria y equipos
A10: DESCRIPCIÓN | B10: UNIDAD | C10: CANTIDAD | D10: CANT TIEMPO | E10: VALORES UNITARIOS ACTUALIZADOS | F10: SUBTOTAL
A12: Guantes tipo Ingeniero o de Vaqueta (operadores) | B12: Par | C12: =20*3*4 -> 240 | E12: ='PROMEDIOS 2026'!I4 -> 20710.76 | F12: =C12*E12 -> 4970582.3
A13: Gafas de seguridad transparentes (operadores) mensual | B13: Und | C13: =20*3*4 -> 240 | E13: ='PROMEDIOS 2026'!I5 -> 16317.377 | F13: =C13*E13 -> 3916170.5
A14: Casco de seguridad | B14: Und | C14: 40 | E14: ='PROMEDIOS 2026'!I7 -> 40490.94 | F14: =C14*E14 -> 1619637.6
A15: Camisa manga larga de jeans 1 dotación mensual | B15: Und | C15: =22*3 -> 66 | E15: ='PROMEDIOS 2026'!I8 -> 116061.29 | F15: =C15*E15 -> 7660045.5
A16: Jean rigido 1 dotacion mensual | B16: Und | C16: =3*22 -> 66 | E16: ='PROMEDIOS 2026'!I9 -> 123319.1 | F16: =C16*E16 -> 8139060.9
A17: Capucha para soldador | B17: Und | C17: 40 | E17: ='PROMEDIOS 2026'!I10 -> 66275.265 | F17: =C17*E17 -> 2651010.6
A18: Bota dielectrica | B18: Und | C18: =22*2 -> 44 | E18: ='PROMEDIOS 2026'!I11 -> 128857.96 | F18: =C18*E18 -> 5669750.2
A19: Sueter manga larga personalizado institucional de la alcaldia y del contratista 1 dotación mensual | B19: Und | C19: =22*3 -> 66 | E19: ='PROMEDIOS 2026'!I12 -> 65129.295 | F19: =C19*E19 -> 4298533.5
A20: Botas pantaneras con punta de acero | B20: Und | C20: =B3+B4 -> 22 | E20: ='PROMEDIOS 2026'!I13 -> 95526.925 | F20: =C20*E20 -> 2101592.4
A21: Cinta de Peligro rollo de 500m | B21: Rollo | C21: 5 | E21: ='PROMEDIOS 2026'!I21 -> 151787.55 | F21: =C21*E21 -> 758937.73
A22: Colombinas, señalizador vial | B22: Und | C22: 10 | E22: ='PROMEDIOS 2026'!I22 -> 144405.59 | F22: =C22*E22 -> 1444055.9
A23: Conos Viales reflectivos 70cm | B23: Und | C23: 10 | E23: ='PROMEDIOS 2026'!I23 -> 146151.92 | F23: =C23*E23 -> 1461519.2
A24: Paletas de Pare/ Siga | B24: Und | C24: 10 | E24: ='PROMEDIOS 2026'!I24 -> 102259.36 | F24: =C24*E24 -> 1022593.6
A25: AVISOS EN TRIANGULO METALICO, DOBLE CARA "AQUÍ SE ESTÁ RECUPERANDO EL ESPACIO PUBLICO" institucional 2 caras full color | B25: Und | C25: 8 | E25: ='PROMEDIOS 2026'!I31 -> 764931.16 | F25: =C25*E25 -> 6119449.2
A26: Aviso tipo vallas publicitaria (estructura metalica paral doble y tablero de 2X1) | B26: Und | C26: 15 | E26: ='PROMEDIOS 2026'!I32 -> 1069999.8 | F26: =C26*E26 -> 16049997
A27: Alquiler de retroexcavadora (Hora) | B27: Und | C27: 1 | D27: 200 | E27: ='PROMEDIOS 2026'!I40 -> 188283.09 | F27: =C27*D27*E27 -> 37656617
A28: Transporte terrestre retroexcavadora ida y vuelta | B28: Trayecto | C28: 2 | D28: 20 | E28: ='PROMEDIOS 2026'!I41 -> 485210.22 | F28: =C28*D28*E28 -> 19408409
A29: Alquiler de retroexcavadora tipo oruga caterpillar 320 (hora) | B29: Und | C29: 1 | D29: 24 | E29: ='PROMEDIOS 2026'!I42 -> 300050 | F29: =C29*D29*E29 -> 7201200
A30: Transporte terrestre en cama baja de retroexcavadora tipo oruga, caterpillar 320 ida y vuelta | B30: Trayecto | C30: 2 | D30: 4 | E30: ='PROMEDIOS 2026'!I43 -> 1347000 | F30: =C30*D30*E30 -> 10776000
A31: Vehículo tipo volqueta para transporte de residuos solidos hacia su disposición final (Valor x 1 dia) | B31: Dia | C31: 1 | D31: 45 | E31: ='PROMEDIOS 2026'!I44 -> 859745 | F31: =C31*D31*E31 -> 38688525
A32: Alquiler motocarro de carga | B32: Dia | C32: 1 | D32: 90 | E32: ='PROMEDIOS 2026'!I45 -> 221490 | F32: =C32*D32*E32 -> 19934100
A33: Vehículo tipo furgón para el transporte de bienes decomisados (Valor x 1 dia) | B33: Dia | C33: 1 | D33: 15 | E33: ='PROMEDIOS 2026'!I46 -> 870231 | F33: =C33*D33*E33 -> 13053465
A34: Alquiler carro canasta. Incluye combustible y operadores | B34: Dia | C34: 1 | D34: 15 | E34: ='PROMEDIOS 2026'!I47 -> 2353537.2 | F34: =C34*D34*E34 -> 35303058
A35: Vehículo tipo camioneta con platón para recorridos internos en el municipio (Valor x 1 dia) | B35: Dia | C35: 1 | D35: 90 | E35: ='PROMEDIOS 2026'!I56 -> 422008 | F35: =C35*D35*E35 -> 37980720
A36: Tabla para anotar | B36: Und | C36: 4 | E36: ='PROMEDIOS 2026'!I64 -> 27445.5 | F36: =C36*E36 -> 109782
A37: Lapiceros | B37: Und | C37: 13 | E37: ='PROMEDIOS 2026'!I65 -> 1582.53 | F37: =C37*E37 -> 20572.89
A38: Marcadores Permanentes | B38: Und | C38: 3 | E38: ='PROMEDIOS 2026'!I66 -> 4226.5 | F38: =C38*E38 -> 12679.5
A39: Martillo de uña de 13 onzas con mango de fibra | B39: Und | C39: 4 | E39: ='PROMEDIOS 2026'!I73 -> 47497.3 | F39: =C39*E39 -> 189989.2
A40: Mazo de 18 lb con cabo de madera | B40: Und | C40: 4 | E40: ='PROMEDIOS 2026'!I74 -> 263755 | F40: =C40*E40 -> 1055020
A41: Barra Agrícola En Acero 14 Lb | B41: Und | C41: 2 | E41: ='PROMEDIOS 2026'!I75 -> 201058.35 | F41: =C41*E41 -> 402116.7
A42: Pico de acero de unos 60 cm de largo y 5 de grueso, y un mango de madera | B42: Und | C42: 6 | E42: ='PROMEDIOS 2026'!I76 -> 100259 | F42: =C42*E42 -> 601554
A43: Pala cuadrada con mango de madera | B43: Und | C43: 10 | E43: ='PROMEDIOS 2026'!I77 -> 67517 | F43: =C43*E43 -> 675170
A44: Escalera dielectrica de 36 peldaños | B44: Und | C44: 1 | E44: ='PROMEDIOS 2026'!I78 -> 2835500 | F44: =C44*E44 -> 2835500
A45: Extensión eléctrica por 50 metros 3x10 awg | B45: Und | C45: 2 | E45: ='PROMEDIOS 2026'!I79 -> 695500 | F45: =C45*E45 -> 1391000
A46: Brida 12" plastica tipo amarre | B46: Und | C46: 80 | E46: ='PROMEDIOS 2026'!I81 -> 1487.3 | F46: =C46*E46 -> 118984
A47: Rotulador autoadhesivo | B47: Und | C47: 900 | E47: ='PROMEDIOS 2026'!I83 -> 1829.7 | F47: =C47*E47 -> 1646730
A48: Cinta vinipel rollo de 30cm x500m | B48: Rollo | C48: 3 | E48: ='PROMEDIOS 2026'!I84 -> 94962.5 | F48: =C48*E48 -> 284887.5
A49: Rastrillos Metalicos | B49: Und | C49: 8 | E49: ='PROMEDIOS 2026'!I85 -> 64874.1 | F49: =C49*E49 -> 518992.8
A50: Machetes | B50: Und | C50: 20 | E50: ='PROMEDIOS 2026'!I86 -> 54858.9 | F50: =C50*E50 -> 1097178
A51: Soga o Cabuya de 1/2" rollo de 100m | B51: Und | C51: 1 | E51: ='PROMEDIOS 2026'!I87 -> 295384.2 | F51: =C51*E51 -> 295384.2
A52: Pantalla protectora contra elementos proyectados por guadaña | B52: Und | C52: 2 | E52: ='PROMEDIOS 2026'!I88 -> 200421.7 | F52: =C52*E52 -> 400843.4
A53: Manguera para riego reforzada, rollo de 100m | B53: Und | C53: 1 | E53: ='PROMEDIOS 2026'!I89 -> 534465 | F53: =C53*E53 -> 534465
A54: Alquiler de guadañas (Dias). Incluye combustible Y aceite de dos tiempos | B54: Und | C54: 4 | D54: 45 | E54: ='PROMEDIOS 2026'!I96 -> 200464.5 | F54: =C54*D54*E54 -> 36083610
A55: Alquiler de planta electrica de 8000 W (Dias) incluye combustible stand by | B55: Und | C55: 1 | D55: 20 | E55: ='PROMEDIOS 2026'!I97 -> 181900 | F55: =C55*D55*E55 -> 3638000
A56: Alquiler de Motosierra que incluya combustible y aceite (Dias) | B56: Und | C56: 2 | D56: 45 | E56: ='PROMEDIOS 2026'!I98 -> 149800 | F56: =C56*D56*E56 -> 13482000
A57: Cortaseto (Dias) incluye combustible y aceite | B57: Und | C57: 1 | D57: 30 | E57: ='PROMEDIOS 2026'!I99 -> 90950 | F57: =C57*D57*E57 -> 2728500
A58: Hidrolavadora industrial (Dias) | B58: Und | C58: 1 | D58: 10 | E58: ='PROMEDIOS 2026'!I100 -> 87991.45 | F58: =C58*D58*E58 -> 879914.5
A59: Alquiler mensual de bodega para la custodia de los materiales incautados en las jornadas de liberación del espacio público | B59: Global | C59: 1 | D59: 4 | E59: ='PROMEDIOS 2026'!I101 -> 4387000 | F59: =C59*D59*E59 -> 17548000
A60: Disposición final en botadero autorizado | B60: Toneladas | C60: =1000 -> 1000 | E60: 62000 | F60: =C60*E60 -> 62000000
A61: Total | F61: =SUM(F12:F60) -> 4.364359e+08
A62: TOTAL OFERTA ECONOMICA | F62: =F61+E7 -> 7.8669064e+08

Sheet PROMEDIOS 2026
A1: DOTACIÓN
A2: Items | B2: Descripción | C2: Unidad | D2: Cantidad | E2: INGENIERIA TECNICA DEL CARIBE | G2: ELEMVIC | I2: Promedio
E3: Valor Und | F3: Subtotal | G3: Valor Und | H3: Subtotal | I3: Valor Und | J3: Subtotal
A4: 1 | B4: Guantes tipo Ingeniero o de Vaqueta | C4: Par | D4: 1 | E4: 21684.299 | F4: =E4*D4 -> 21684.299 | G4: 19737.22 | H4: =G4*D4 -> 19737.22 | I4: =+AVERAGE(E4,G4) -> 20710.76 | J4: =I4*D4 -> 20710.76
A5: 2 | B5: Gafas de seguridad transparentes | C5: Und | D5: 1 | E5: 16263.861 | F5: =E5*D5 -> 16263.861 | G5: 16370.893 | H5: =G5*D5 -> 16370.893 | I5: =+AVERAGE(E5,G5) -> 16317.377 | J5: =I5*D5 -> 16317.377
A6: 3 | B6: Gafas de seguridad Oscuras | C6: Und | D6: 1 | E6: 16263.861 | F6: =E6*D6 -> 16263.861 | G6: 16370.818 | H6: =G6*D6 -> 16370.818 | I6: =+AVERAGE(E6,G6) -> 16317.34 | J6: =I6*D6 -> 16317.34
A7: 4 | B7: Casco de seguridad | C7: Und | D7: 1 | E7: 40745.6 | F7: =E7*D7 -> 40745.6 | G7: 40236.28 | H7: =G7*D7 -> 40236.28 | I7: =+AVERAGE(E7,G7) -> 40490.94 | J7: =I7*D7 -> 40490.94
A8: 5 | B8: Camisa manga larga de jeans | C8: Und | D8: 1 | E8: 116888.94 | F8: =E8*D8 -> 116888.94 | G8: 115233.65 | H8: =G8*D8 -> 115233.65 | I8: =+AVERAGE(E8,G8) -> 116061.29 | J8: =I8*D8 -> 116061.29
A9: 6 | B9: Jean rigido | C9: Und | D9: 1 | E9: 128221.31 | F9: =E9*D9 -> 128221.31 | G9: 118416.9 | H9: =G9*D9 -> 118416.9 | I9: =+AVERAGE(E9,G9) -> 123319.1 | J9: =I9*D9 -> 123319.1
A10: 7 | B10: Capucha par a soldador | C10: Und | D10: 1 | E10: 69012.86 | F10: =E10*D10 -> 69012.86 | G10: 63537.67 | H10: =G10*D10 -> 63537.67 | I10: =+AVERAGE(E10,G10) -> 66275.265 | J10: =I10*D10 -> 66275.265
A11: 8 | B11: Bota dielectrica | C11: Und | D11: 1 | E11: 131022.57 | F11: =E11*D11 -> 131022.57 | G11: 126693.35 | H11: =G11*D11 -> 126693.35 | I11: =+AVERAGE(E11,G11) -> 128857.96 | J11: =I11*D11 -> 128857.96
A12: 9 | B12: Sueter manga larga personalizado e institucional de la alcaldia y del contratista | C12: Und | D12: 1 | E12: 64301.65 | F12: =E12*D12 -> 64301.65 | G12: 65956.94 | H12: =G12*D12 -> 65956.94 | I12: =+AVERAGE(E12,G12) -> 65129.295 | J12: =I12*D12 -> 65129.295
A13: 10 | B13: Botas pantaneras con punta de acero | C13: Und | D13: 1 | E13: 107593.85 | F13: =E13*D13 -> 107593.85 | G13: 83460 | H13: =G13*D13 -> 83460 | I13: =+AVERAGE(E13,G13) -> 95526.925 | J13: =I13*D13 -> 95526.925
E14: Subtotal | F14: =+SUM(F4:F13) -> 711998.8 | G14: Subtotal | H14: =+SUM(H4:H13) -> 666013.72 | I14: Subtotal | J14: =+SUM(J4:J13) -> 689006.26
E15: Total | F15: =F14 -> 711998.8 | G15: Total | H15: =H14 -> 666013.72 | I15: Total | J15: =J14 -> 689006.26
A18: SEGURIDAD VIAL
A19: Items | B19: Descripción | C19: Unidad | D19: Cantidad | E19: INGENIERIA TECNICA DEL CARIBE | G19: ELEMVIC | I19: Promedio
E20: Valor Und | F20: Subtotal | G20: Valor Und | H20: Subtotal | I20: Valor Und | J20: Subtotal
A21: 1 | B21: Cinta de peligro 500mts | C21: Und | D21: 1 | E21: 156985.16 | F21: =E21*D21 -> 156985.16 | G21: 146589.94 | H21: =D21*G21 -> 146589.94 | I21: =+AVERAGE(E21,G21) -> 151787.55 | J21: =I21*D21 -> 151787.55
A22: 2 | B22: Colombina de señalización | C22: Und | D22: 1 | E22: 140089.74 | F22: =E22*D22 -> 140089.74 | G22: 148721.44 | H22: =D22*G22 -> 148721.44 | I22: =+AVERAGE(E22,G22) -> 144405.59 | J22: =I22*D22 -> 144405.59
A23: 3 | B23: Cono vial reflectivo de 70cm | C23: Und | D23: 1 | E23: 154838.37 | F23: =E23*D23 -> 154838.37 | G23: 137465.47 | H23: =D23*G23 -> 137465.47 | I23: =+AVERAGE(E23,G23) -> 146151.92 | J23: =I23*D23 -> 146151.92
A24: 4 | B24: Paletas de pare/siga | C24: Und | D24: 1 | E24: 103253.17 | F24: =E24*D24 -> 103253.17 | G24: 101265.55 | H24: =D24*G24 -> 101265.55 | I24: =+AVERAGE(E24,G24) -> 102259.36 | J24: =I24*D24 -> 102259.36
E25: Subtotal | F25: =+SUM(F21:F24) -> 555166.44 | G25: Subtotal | H25: =SUM(H21:H24) -> 534042.39 | I25: Subtotal | J25: =SUM(J21:J24) -> 544604.42
E26: Total | F26: =F25 -> 555166.44 | G26: Total | H26: =H25 -> 534042.39 | I26: Total | J26: =J25 -> 544604.42
A28: PUBLICIDAD
A29: Items | B29: Descripción | C29: Unidad | D29: Cantidad | E29: INGENIERIA TECNICA DEL CARIBE | G29: ELEMVIC | I29: Promedio
E30: Valor Und | F30: Subtotal | G30: Valor Und | H30: Subtotal | I30: Valor Und | J30: Subtotal
A31: 1 | B31: AVISOS EN TRIANGULO, DOBLE CARA "AQUÍ SE ESTÁ RECUPERANDO EL ESPACIO PUBLICO" | C31: Und | D31: 1 | E31: 751247 | F31: =+D31*E31 -> 751247 | G31: 778615.31 | H31: =D31*G31 -> 778615.31 | I31: =+AVERAGE(E31,G31) -> 764931.16 | J31: =+D31*I31 -> 764931.16
B32: AVISOS TIPO VALLA PUBLICITARIA "ESTRUCTURA METALICA PARAL DOBLE Y TABLERO DE 2X1" | C32: Und | D32: 1 | E32: 1108626.7 | F32: =+D32*E32 -> 1108626.7 | G32: 1031373 | H32: =D32*G32 -> 1031373 | I32: =+AVERAGE(E32,G32) -> 1069999.8 | J32: =+D32*I32 -> 1069999.8
E33: Subtotal | F33: =+SUM(F31:F32) -> 1859873.7 | G33: Subtotal | H33: =SUM(H31:H32) -> 1809988.3 | I33: Subtotal | J33: =+SUM(J31:J32) -> 1834931
E34: Total | F34: =F33 -> 1859873.7 | G34: Total | H34: =H33 -> 1809988.3 | I34: Total | J34: =J33 -> 1834931
A37: MAQUINARIA Y EQUIPOS
A38: Items | B38: Descripción | C38: Unidad | D38: Cantidad | E38: INGENIERIA TECNICA DEL CARIBE | G38: ELEMVIC | I38: Promedio
E39: Valor Und | F39: Subtotal | G39: Valor Und | H39: Subtotal | I39: Valor Und | J39: Subtotal
A40: 1 | B40: Alquiler de retroexcavadora. Incluye combustible, operario y aceite de dos tiempos | C40: Hora | D40: 1 | E40: 193135 | F40: =E40*D40 -> 193135 | G40: 183431.17 | H40: =G40*D40 -> 183431.17 | I40: =+AVERAGE(E40,G40) -> 188283.09 | J40: =+D40*I40 -> 188283.09
A41: 2 | B41: Transporte terrestre retroexcavadora ida y vuelta | C41: Trayecto | D41: 2 | E41: 449400 | F41: =E41*D41 -> 898800 | G41: 521020.45 | H41: =G41*D41 -> 1042040.9 | I41: =+AVERAGE(E41,G41) -> 485210.22 | J41: =I41*D41 -> 970420.45
A42: 3 | B42: Alquiler de retroexcavadora tipo oruga caterpillar 320 (hora) | C42: Hora | D42: 1 | E42: 330100 | F42: =E42*D42 -> 330100 | G42: 270000 | H42: =G42*D42 -> 270000 | I42: =+AVERAGE(E42,G42) -> 300050 | J42: =I42*D42 -> 300050
A43: 4 | B43: Transporte terrestre en cama baja de retroexcavadora tipo oruga, caterpillar 320 ida y vuelta | C43: Trayecto | D43: 2 | E43: 1294000 | F43: =E43*D43 -> 2588000 | G43: 1400000 | H43: =G43*D43 -> 2800000 | I43: =+AVERAGE(E43,G43) -> 1347000 | J43: =I43*D43 -> 2694000
A44: 5 | B44: Vehículo tipo volqueta para transporte de residuos solidos hacia su disposición final (Valor x 1 dia) (incluye combustible y aceite de dos tiempos) | C44: Dia | D44: 1 | E44: 863490 | F44: =E44*D44 -> 863490 | G44: 856000 | H44: =G44*D44 -> 856000 | I44: =+AVERAGE(E44,G44) -> 859745 | J44: =I44*D44 -> 859745
A45: 6 | B45: Alquiler motocarro de carga | C45: Dia | D45: 1 | E45: 214000 | F45: =E45*D45 -> 214000 | G45: 228980 | H45: =G45*D45 -> 228980 | I45: =+AVERAGE(E45,G45) -> 221490 | J45: =I45*D45 -> 221490
A46: 7 | B46: Vehiculo tipo furgon para el transporte de bienes decomisados (Valor x dia), incluye operario y combustible | C46: Dia | D46: 1 | E46: 863062 | F46: =E46*D46 -> 863062 | G46: 877400 | H46: =G46*D46 -> 877400 | I46: =+AVERAGE(E46,G46) -> 870231 | J46: =I46*D46 -> 870231
A47: 8 | B47: Alquiler carro canasta. Incluye combustible, operario y aceite de dos tiempos | C47: Dia | D47: 1 | E47: 2407500 | F47: =E47*D47 -> 2407500 | G47: 2299574.5 | H47: =G47*D47 -> 2299574.5 | I47: =+AVERAGE(E47,G47) -> 2353537.2 | J47: =I47*D47 -> 2353537.2
E48: Subtotal | F48: =SUM(F40:F47) -> 8358087 | G48: Subtotal | H48: =SUM(H40:H47) -> 8557426.5 | I48: Subtotal | J48: =+SUM(J40:J47) -> 8457756.8
E49: Total | F49: =+F48 -> 8358087 | G49: Total | H49: =+H48 -> 8557426.5 | I49: Total | J49: =J48 -> 8457756.8
A53: CAMIONETA
A54: Items | B54: Descripción | C54: Unidad | D54: Cantidad | E54: INGENIERIA TECNICA DEL CARIBE | G54: ELEMVIC | I54: Promedio
E55: Valor Und | F55: Subtotal | G55: Valor Und | H55: Subtotal | I55: Valor Und | J55: Subtotal
A56: 1 | B56: VEHÍCULO TIPO CAMIONETA CON PLATÓN PARA RECORRIDOS INTERNOS EN EL MUNICIPIO (VALOR X 1 DIA) | C56: Und | D56: 1 | E56: 418156 | F56: =+D56*E56 -> 418156 | G56: 425860 | H56: =G56*D56 -> 425860 | I56: =+AVERAGE(E56,G56) -> 422008 | J56: =+D56*I56 -> 422008
E57: Subtotal | F57: =+SUM(F56) -> 418156 | G57: Subtotal | H57: =SUM(H56) -> 425860 | I57: Subtotal | J57: =+SUM(J56) -> 422008
E58: Total | F58: =+F57 -> 418156 | G58: Total | H58: =+H57 -> 425860 | I58: Total | J58: =+J57 -> 422008
A61: PAPELERIA
A62: Items | B62: Descripción | C62: Unidad | D62: Cantidad | E62: INGENIERIA TECNICA DEL CARIBE | G62: ELEMVIC | I62: Promedio
E63: Valor Und | F63: Subtotal | G63: Valor Und | H63: Subtotal | I63: Valor Und | J63: Subtotal
A64: 1 | B64: Tabla para anotar | C64: Und | D64: 1 | E64: 27820 | F64: =+D64*E64 -> 27820 | G64: 27071 | H64: 27071 | I64: =+AVERAGE(E64,G64) -> 27445.5 | J64: =I64*D64 -> 27445.5
A65: 2 | B65: Boligrafo | C65: Und | D65: 1 | E65: 1626.4 | F65: =+D65*E65 -> 1626.4 | G65: 1538.66 | H65: 1538.66 | I65: =+AVERAGE(E65,G65) -> 1582.53 | J65: =I65*D65 -> 1582.53
A66: 3 | B66: Marcadores permanentes | C66: Und | D66: 1 | E66: 4151.6 | F66: =+D66*E66 -> 4151.6 | G66: 4301.4 | H66: 4301.4 | I66: =+AVERAGE(E66,G66) -> 4226.5 | J66: =I66*D66 -> 4226.5
E67: Subtotal | F67: =+SUM(F64:F66) -> 33598 | G67: Subtotal | H67: =+SUM(H64:H66) -> 32911.06 | I67: Subtotal | J67: =+SUM(J64:J66) -> 33254.53
E68: Total | F68: =+F67 -> 33598 | G68: Total | H68: =+H67 -> 32911.06 | I68: Total | J68: =+J67 -> 33254.53
A70: MAQUINARIA Y EQUIPOS
A71: Items | B71: Descripción | C71: Unidad | D71: Cantidad | E71: INGENIERIA TECNICA DEL CARIBE | G71: ELEMVIC | I71: Promedio
E72: Valor Und | F72: Subtotal | G72: Valor Und | H72: Subtotal | I72: Valor Und | J72: Subtotal
A73: 1 | B73: Martillo de uña de 13 onzas con mango de fibra | C73: Und | D73: 1 | E73: 47272.6 | F73: =E73*D73 -> 47272.6 | G73: 47722 | H73: =G73*D73 -> 47722 | I73: =+AVERAGE(E73,G73) -> 47497.3 | J73: =I73*D73 -> 47497.3
A74: 2 | B74: Mazo de 18 lb con cabo de madera | C74: Und | D74: 1 | E74: 265467 | F74: =E74*D74 -> 265467 | G74: 262043 | H74: =G74*D74 -> 262043 | I74: =+AVERAGE(E74,G74) -> 263755 | J74: =I74*D74 -> 263755
A75: 3 | B75: Barra Agrícola En Acero 14 Lb | C75: Und | D75: 1 | E75: 205129.7 | F75: =E75*D75 -> 205129.7 | G75: 196987 | H75: =G75*D75 -> 196987 | I75: =+AVERAGE(E75,G75) -> 201058.35 | J75: =I75*D75 -> 201058.35
A76: 4 | B76: Pico de acero de unos 60 cm de largo y 5 de grueso, y un mango de madera | C76: Und | D76: 1 | E76: 93732 | F76: =E76*D76 -> 93732 | G76: 106786 | H76: =G76*D76 -> 106786 | I76: =+AVERAGE(E76,G76) -> 100259 | J76: =I76*D76 -> 100259
A77: 5 | B77: Pala cuadrada con mango de madera | C77: Und | D77: 1 | E77: 67731 | F77: =E77*D77 -> 67731 | G77: 67303 | H77: =G77*D77 -> 67303 | I77: =+AVERAGE(E77,G77) -> 67517 | J77: =I77*D77 -> 67517
A78: 6 | B78: Escalera dielectrica de 36 peldaños | C78: Und | D78: 1 | E78: 2856900 | F78: =E78*D78 -> 2856900 | G78: 2814100 | H78: =G78*D78 -> 2814100 | I78: =+AVERAGE(E78,G78) -> 2835500 | J78: =I78*D78 -> 2835500
A79: 7 | B79: Extensión eléctrica por 50 metros 3X10 awg | C79: Und | D79: 1 | E79: 706200 | F79: =E79*D79 -> 706200 | G79: 684800 | H79: =G79*D79 -> 684800 | I79: =+AVERAGE(E79,G79) -> 695500 | J79: =I79*D79 -> 695500
A80: 8 | B80: Saco plastico para incautacion | C80: Und | D80: 1 | E80: 3520.3 | F80: =E80*D80 -> 3520.3 | G80: 2814.1 | H80: =G80*D80 -> 2814.1 | I80: =+AVERAGE(E80,G80) -> 3167.2 | J80: =I80*D80 -> 3167.2
A81: 9 | B81: Brida 12" plastica tipo amarre | C81: Und | D81: 1 | E81: 1498 | F81: =E81*D81 -> 1498 | G81: 1476.6 | H81: =G81*D81 -> 1476.6 | I81: =+AVERAGE(E81,G81) -> 1487.3 | J81: =I81*D81 -> 1487.3
A82: 10 | B82: Cava Icopor 40lt | C82: Und | D82: 1 | E82: 65484 | F82: =E82*D82 -> 65484 | G82: 61097 | H82: =G82*D82 -> 61097 | I82: =+AVERAGE(E82,G82) -> 63290.5 | J82: =I82*D82 -> 63290.5
A83: 11 | B83: Rotulador autoadhesivo | C83: Und | D83: 1 | E83: 2033 | F83: =E83*D83 -> 2033 | G83: 1626.4 | H83: =G83*D83 -> 1626.4 | I83: =+AVERAGE(E83,G83) -> 1829.7 | J83: =I83*D83 -> 1829.7
A84: 12 | B84: Cinta vinipel rollo de 30cm x500m | C84: Rollo | D84: 1 | E84: 94695 | F84: =E84*D84 -> 94695 | G84: 95230 | H84: =G84*D84 -> 95230 | I84: =+AVERAGE(E84,G84) -> 94962.5 | J84: =I84*D84 -> 94962.5
... A89: 17 | B89: Manguera para riego reforzada, rollo de 100m | C89: Und | D89: 1 | E89: 556400 | F89: =E89*D89 -> 556400 | G89: 512530 | H89: =G89*D89 -> 512530 | I89: =+AVERAGE(E89,G89) -> 534465 | J89: =I89*D89 -> 534465
E90: Subtotal | F90: =+SUM(F73:F89) -> 5598989 | G90: Subtotal | H90: =+SUM(H73:H89) -> 5452666.5 | I90: Subtotal | J90: =+SUM(J73:J89) -> 5525827.8
E91: Total | F91: =+F90 -> 5598989 | G91: Total | H91: =+H90 -> 5452666.5 | I91: Total | J91: =+J90 -> 5525827.8
A93: MAQUINARIA Y EQUIPOS
A94: Items | B94: Descripción | C94: Unidad | D94: Cantidad | E94: INGENIERIA TECNICA DEL CARIBE | G94: ELEMVIC | I94: Promedio
E95: Valor Und | F95: Subtotal | G95: Valor Und | H95: Subtotal | I95: Valor Und | J95: Subtotal
A96: 1 | B96: Alquiler de guadañas | C96: Dia | D96: 1 | E96: 193349 | F96: =+D96*E96 -> 193349 | G96: 207580 | H96: =+D96*G96 -> 207580 | I96: =+AVERAGE(E96,G96) -> 200464.5 | J96: =+D96*I96 -> 200464.5
A97: 2 | B97: alquiler de planta electrica de 8000W | C97: Dia | D97: 1 | E97: 169060 | F97: =+D97*E97 -> 169060 | G97: 194740 | H97: =+D97*G97 -> 194740 | I97: =+AVERAGE(E97,G97) -> 181900 | J97: =+D97*I97 -> 181900
A98: 3 | B98: Alquiler de motosierra | C98: Dia | D98: 1 | E98: 160500 | F98: =+D98*E98 -> 160500 | G98: 139100 | H98: =+D98*G98 -> 139100 | I98: =+AVERAGE(E98,G98) -> 149800 | J98: =+D98*I98 -> 149800
A99: 4 | B99: Alquiler de Cortaseto | C99: Dia | D99: 1 | E99: 86670 | F99: =+D99*E99 -> 86670 | G99: 95230 | H99: =+D99*G99 -> 95230 | I99: =+AVERAGE(E99,G99) -> 90950 | J99: =+D99*I99 -> 90950
A100: 5 | B100: Alquiler de hidrolavadora industrial | C100: Dia | D100: 1 | E100: 89098.9 | F100: =+D100*E100 -> 89098.9 | G100: 86884 | H100: =+D100*G100 -> 86884 | I100: =+AVERAGE(E100,G100) -> 87991.45 | J100: =+D100*I100 -> 87991.45
A101: 6 | B101: Alquiler mensual de bodega para la custodia de los materiales incautados en las jornadas de liberación del espacio público | C101: Mensual | D101: 1 | E101: 4494000 | F101: =+D101*E101 -> 4494000 | G101: 4280000 | H101: =+D101*G101 -> 4280000 | I101: =+AVERAGE(E101,G101) -> 4387000 | J101: =+D101*I101 -> 4387000
E102: Subtotal | F102: =+SUM(F96:F101) -> 5192677.9 | G102: Subtotal | H102: =+SUM(H96:H101) -> 5003534 | I102: Subtotal | J102: =+SUM(J96:J101) -> 5098106
E103: Total | F103: =+F102 -> 5192677.9 | G103: Total | H103: =+H102 -> 5003534 | I103: Total | J103: =+J102 -> 5098106
